 Dungeon Crawl Stone Soup version 0.27-a0-1287-gca74d27db6 (webtiles) character file.

Game seed: 806496377859770939

374 lunkers the Gusty (level 6, 0/32 HPs)
             Began as a Deep Elf Air Elementalist on June 14, 2021.
             Slain by a gnoll sergeant (12 damage)
             ... on level 4 of the Dungeon.
             The game lasted 00:05:04 (3384 turns).

lunkers the Gusty (Deep Elf Air Elementalist)       Turns: 3384, Time: 00:05:04

Health: 0/32       AC:  2    Str:  5    XL:     6   Next: 43%
Magic:  13/15      EV: 12    Int: 22    God:
Gold:   85         SH:  0    Dex: 15    Spells: 4/14 levels left

rFire    . . .     SeeInvis .   d - +0 dagger
rCold    . . .     Faith    .   (no shield)
rNeg     . . .     Spirit   .   a - +0 robe
rPois    .         Reflect  .   (no helmet)
rElec    .         Harm     .   (no cloak)
rCorr    .         Rampage  .   (no gloves)
Will     .....                  (no boots)
Stlth    ++........             (no amulet)
HPRegen  0.10/turn              (no ring)
MPRegen  0.14/turn              (no ring)

@: no status effects
A: no striking features
a: no special abilities


You were on level 4 of the Dungeon.
You visited 1 branch of the dungeon, and saw 4 of its levels.

You collected 85 gold pieces.

Inventory:

Hand Weapons
 d - a +0 dagger (weapon)
Armour
 a - a +0 robe (worn)
Wands
 i - a wand of acid (11)
 m - a wand of polymorph (3)
Scrolls
 b - 4 scrolls of identify {unknown}
 c - 2 scrolls of immolation {unknown}
 e - a scroll of fog {unknown}
 g - a scroll of magic mapping {unknown}
 h - a scroll of blinking {unknown}
 j - a scroll of amnesia {unknown}
 k - a scroll of silence {unknown}
 n - a scroll of teleportation {unknown}
Potions
 f - a potion of might {unknown}
 l - a potion of cancellation {unknown}


   Skills:
 - Level 2.4 Dodging
 - Level 2.4 Stealth
 + Level 4.8 Spellcasting
 * Level 4.6 Conjurations
 * Level 5.1 Air Magic


You had 4 spell levels left.
You knew the following spells:

 Your Spells              Type           Power      Damage    Failure   Level
a - Shock                 Conj/Air       100%       1d9       1%          1
b - Static Discharge      Conj/Air       26%        N/A       1%          2
c - Swiftness             Air            28%        N/A       3%          3
d - Airstrike             Air            14%        N/A       12%         4

Your spell library contained the following spells:

 Spells                   Type           Power      Damage    Failure   Level
 Magic Dart               Conj           100%       1d8       1%          1
 Mephitic Cloud           Conj/Pois/Air  19%        N/A       9%          3
 Conjure Flame            Conj/Fire      15%        6-21      12%         3
 Blink                    Tloc           N/A        N/A       16%         2
 Call Imp                 Summ           5%         N/A       16%         2
 Slow                     Hex            5%         N/A       16%         2
 Lightning Bolt           Conj/Air       13%        1d26      36%         5


Dungeon Overview and Level Annotations

Branches:
Dungeon (4/15)
 Temple: D:4-7

Altars:
Nemelex Xobeh
Qazlal
Trog

Shops:
D:2 =   D:3 ?


Message History

The centaur hits you. The centaur barely misses you.
Found 17 gold pieces.
Casting: Shock (safe; 1% risk of failure)
Confirm with . or Enter, or press ? or * to list all spells.
The centaur is struck by an arc of lightning.
The centaur is lightly wounded.
The lightning grounds out.
The centaur misses you. The centaur kicks you.
Casting: Static Discharge (safe; 2% risk of failure)
Confirm with . or Enter, or press ? or * to list all spells.
The centaur is struck by an arc of lightning!
The centaur is heavily wounded.
The lightning grounds out.
The centaur hits you. The centaur barely misses you. The centaur misses you.
The centaur kicks you.
Casting: Static Discharge (safe; 2% risk of failure)
Confirm with . or Enter, or press ? or * to list all spells.
The centaur is struck by an arc of lightning!
The centaur is almost dead.
The lightning grounds out.
The centaur hits you. The centaur barely misses you.
Casting: Static Discharge (safe; 2% risk of failure)
Confirm with . or Enter, or press ? or * to list all spells.
The centaur is struck by an arc of lightning.
You kill the centaur!
You are struck by an arc of lightning.
* * * LOW HITPOINT WARNING * * *
Your Air Magic skill increases to level 5!
Unknown command.
A gnoll sergeant comes into view. It is wielding a +4 spear of flaming.
Things that are here:
a +0 shortbow; 23 arrows The gnoll sergeant shouts!
You see here 17 gold pieces.
The gnoll sergeant hits you from afar with a +4 spear of flaming!
* * * LOW HITPOINT WARNING * * *
The gnoll sergeant burns you.
* * * LOW HITPOINT WARNING * * *
Things that are here:
a +0 shortbow; 23 arrows You hear the rusting of a very distant drain.
The gnoll sergeant hits you from afar with a +4 spear of flaming!
You die...

#.g.#.###.####.# #.#
##$#g#.#..# #.# #.#
########.# #.# #.# #...#
#.# #.# #..## #.# #.# ##
##.######.###.# ..>
#...........#.#
######################.#
#............@.g....#
####.###################
.....# ####.# #.# ###


You could see a gnoll sergeant.

Vanquished Creatures
  A necrophage (D:2)
  A centaur (D:4)
  A howler monkey (D:2)
  A hound (D:4)
  Ijyb (D:2)
  An orc wizard (D:3)
  An adder (D:2)
  2 worms (D:3)
  A dart slug (D:2)
  4 orcs (D:3)
  6 bats
  6 endoplasms
  5 giant cockroaches
  6 goblins
  4 hobgoblins
  5 jackals
  3 quokkas
  2 ball pythons
  A frilled lizard (D:1)
  8 kobolds
  4 rats
64 creatures vanquished.

Vanquished Creatures (others)
  8 plants (D:2)
8 creatures vanquished.

Grand Total: 72 creatures vanquished

Notes
Turn   | Place    | Note
-------+----------+-------------------------------------------
     0 | D:1      | lunkers the Deep Elf Air Elementalist began the quest for
                  | the Orb.
     0 | D:1      | Reached XP level 1. HP: 10/10 MP: 6/6
   126 | D:1      | You fall into a shaft and drop 1 floor!
   305 | D:2      | Reached XP level 2. HP: 2/15 MP: 4/8
   352 | D:2      | Learned a level 2 spell: Static Discharge
   669 | D:2      | Noticed a howler monkey
   674 | D:2      | Killed a howler monkey
   675 | D:2      | Reached XP level 3. HP: 14/19 MP: 0/10
   787 | D:2      | Found Hugilyr's Jewellery Shoppe.
   834 | D:1      | Reached XP level 4. HP: 24/24 MP: 8/11
  1200 | D:1      | Reached skill level 4 in Air Magic
  1299 | D:1      | Found a faded altar of an unknown god.
  1441 | D:2      | Learned a level 3 spell: Swiftness
  1446 | D:2      | Learned a level 4 spell: Airstrike
  1564 | D:2      | Noticed a necrophage
  1875 | D:2      | Killed a necrophage
  1876 | D:2      | Reached XP level 5. HP: 28/28 MP: 6/13
  1993 | D:3      | Found a stormy altar of Qazlal.
  2272 | D:3      | Found Coteylug's Magic Scroll Boutique.
  2339 | D:3      | Found a sparkling altar of Nemelex Xobeh.
  2561 | D:3      | Noticed Ijyb
  2672 | D:2      | Killed Ijyb
  2793 | D:3      | Found a bloodstained altar of Trog.
  3228 | D:4      | Reached XP level 6. HP: 24/32 MP: 9/14
  3333 | D:4      | Reached skill level 5 in Air Magic
  3384 | D:4      | Slain by a gnoll sergeant

Illustrated notes

Levels and vault maps discovered:
D:1:      onia_arrival_mini_spirals, layout_rooms,
          shapermc_ecumenical_altar_starsandcircs
D:2:      layout_rooms, serial_shops, shop_fountains, serial_bayou,
          serial_bayou_pond_c, serial_bayou_pond_e, serial_bayou_lake_a,
          serial_bayou_crossing, serial_bayou_ford_a
D:3:      layout_basic, nicolae_qazlal_scattered_showers,
          nemelex_diamond_rough_becter, lemuel_doored_altar, serial_shops, shop,
          uniq_ijyb
D:4:      layout_basic, grunt_dithmenos_smoke_and_mirrors,
          minmay_temple_entry_oklob, ebering_ghost_reflecting_pool,
          cheibrodos_sewer_entry_sluice, minmay_small_thing

Skill      XL: |  1  2  3  4  5  6 |
---------------+-------------------+-----
Conjurations   | 2 3 4 |  4.6
Air Magic      | 4 5 |  5.1
Spellcasting   | 4 |  4.8
Dodging        | |  2.4
Stealth        | |  2.4

Action                   |  1- 3 |  4- 6 || total
-------------------------+-------+-------++-------
Melee: Unarmed           |     3 |    12 ||    15
 Cast: Shock             |    38 |    88 ||   126
       Static Discharge  |     3 |     4 ||     7
Armor: Robe              |     4 |       ||     4
       Skin              |       |     4 ||     4
Dodge: Dodged            |    10 |    16 ||    26

Table legend: (Time is in decaauts)
 A = Elapsed time spent in this place.
 B = Non-inter-level travel time spent in this place.
 C = Inter-level travel time spent in this place.
 D = Time resting spent in this place.
 E = Time spent auto-exploring this place.
 F = Levels seen in this place.
 G = Mean time per level.
                   A        B        C        D        E       F      G
               +--------+--------+--------+--------+--------+-----+--------+
         Total |   3459 |   3368 |     91 |     69 |   2794 |   4 |  864.8 |
       Dungeon |   3459 |   3368 |     91 |     69 |   2794 |   4 |  864.8 |
               +--------+--------+--------+--------+--------+-----+--------+

Top non-repeatable levels by time:
     D:2: 1396 daAuts
     D:3: 968 daAuts
     D:1: 792 daAuts
     D:4: 301 daAuts
